 Dungeon Crawl Stone Soup version 0.24-a0-639-gb70a11d811 (webtiles) character file.

Game seed: 14514329552515548874, levelgen mode: deterministic

255545 Peloso the Hoplite (level 19, -7/174 HPs)
             Began as a Minotaur Fighter on Sept 23, 2019.
             Was an Initiate of Gozag.
             Killed from afar by a blizzard demon (22 damage)
             ... with a bolt of cold
             ... on level 2 of the Abyss.
             The game lasted 02:13:52 (40888 turns).

Peloso the Hoplite (Minotaur Fighter)              Turns: 40888, Time: 02:13:55

Health: -7/174     AC: 25    Str: 33    XL:     19   Next: 5%
Magic:  19/19      EV: 16    Int:  5    God:    Gozag
Gold:   1649       SH: 31    Dex: 21    Spells: 18/18 levels left

rFire    + . .     SeeInvis .   a - +9 falchion "Vompi" {freeze, rPois MR+}
rCold    . . .     Gourm    .   H - +1 large shield {AC+3}
rNeg     . . .     Faith    .   t - +0 plate armour "Qusifi" {rElec Dex+4} (curse)
rPois    +         Spirit   .   (helmet restricted)
rElec    +         Reflect  +   g - scarf {cloud immunity}
rCorr    .         Harm     .   F - +0 pair of gloves
MR       ++...                  Q - +2 pair of boots "Ashuush" {rF+ Str+4}
Stlth    ..........             y - +3 amulet of reflection
HPRegen  0.00/turn              A - +3 ring of strength
MPRegen  0.16/turn              I - +4 ring of dexterity

@: starving, non-regenerating, mildly diseased
A: retaliatory headbutt, horns 2, deterioration 1
}: 2/15 runes: decaying, serpentine
a: Potion Petition, Call Merchant, Bribe Branch, Renounce Religion


You were on level 2 of the Abyss.
You worshipped Gozag.
Gozag was most pleased with you.
You were starving.

You visited 7 branches of the dungeon, and saw 35 of its levels.
You visited the Abyss 1 time.
You visited 1 bazaar.
You also visited: Bailey.

You collected 14696 gold pieces.
You spent 3193 gold pieces at shops.
You paid 9854 gold pieces to Gozag.

Inventory:

Hand Weapons
 a - the +9 falchion "Vompi" (weapon) {freeze, rPois MR+}
   (You found it on level 15 of the Dungeon)

   It has been specially enchanted to freeze those struck by it, causing extra
   injury to most foes and up to half again as much damage against particularly
   susceptible opponents.
   It can also slow down cold-blooded creatures.
   It protects you from poison.
   It affects your resistance to hostile enchantments.
 b - the +5 long sword "Fekirhofeu" {flame, Str+4}
   (You bought it in a shop on level 1 of the Lair of Beasts)

   It has been specially enchanted to burn those struck by it, causing extra
   injury to most foes and up to half again as much damage against particularly
   susceptible opponents.
   Big, fiery blades are also staple armaments of hydra-hunters.
   It affects your strength (+4).
Missiles
 r - 363 bolts
Armour
 e - a +1 chain mail of magic resistance
 g - a scarf of cloud immunity (worn)
 t - the cursed +0 plate armour "Qusifi" (worn) {rElec Dex+4}
   (You found it on level 2 of the Snake Pit)

   It affects your dexterity (+4).
   It insulates you from electricity.
   It has a curse placed upon it.
 F - a +0 pair of gloves (worn)
 H - a +1 large shield of protection (worn)
 Q - the +2 pair of boots "Ashuush" (worn) {rF+ Str+4}
   (You bought it in a shop on level 10 of the Dungeon)

   It affects your strength (+4).
   It protects you from fire.
Jewellery
 c - an uncursed ring of see invisible
 d - an uncursed ring of poison resistance
 y - a +3 amulet of reflection (around neck)
 A - a +3 ring of strength (left hand)
 I - a +4 ring of dexterity (right hand)
 U - an uncursed ring of resist corrosion
Wands
 C - a wand of digging (2)
Scrolls
 h - 2 scrolls of fog
 n - 4 scrolls of noise
 p - 14 scrolls of teleportation
 s - 4 scrolls of magic mapping
 v - a scroll of identify
 x - 9 scrolls of remove curse
Potions
 k - 11 potions of curing
 l - 2 potions of resistance
 o - 5 potions of agility
 B - a potion of flight
 D - 5 potions of haste
 N - 4 potions of mutation
 O - 8 potions of heal wounds
 S - 2 potions of berserk rage
 W - 5 potions of might
Miscellaneous
 i - a fan of gales
Comestibles
 f - 28 rations


   Skills:
 + Level 16.7 Fighting
 + Level 19.1 Long Blades
 + Level 16.0 Armour
 + Level 9.6 Dodging
 + Level 5.7 Stealth
 + Level 23.3 Shields
 + Level 0.4 Unarmed Combat
 + Level 1.7 Evocations


You had 18 spell levels left.
You didn't know any spells.
Your spell library contained the following spells:

 Spells                   Type           Power        Failure   Level  Hunger
 Beastly Appendage        Tmut           #.....       96%         1    ##.....
 Confusing Touch          Hex            #.....       96%         1    ##.....
 Corona                   Hex            #......      96%         1    ##.....
 Flame Tongue             Conj/Fire      #....        96%         1    ##.....
 Infusion                 Chrm           #...         96%         1    ##.....
 Sting                    Conj/Pois      #...         96%         1    ##.....
 Ensorcelled Hibernation  Hex/Ice        #.....       99%         2    ###....
 Poisonous Vapours        Pois/Air       #.....       99%         2    ###....
 Shroud of Golubria       Chrm/Tloc      #.....       99%         2    ###....
 Song of Slaying          Chrm           #.......     99%         2    ###....
 Sticks to Snakes         Tmut           #.......     99%         2    ###....
 Throw Flame              Conj/Fire      #.....       99%         2    ###....
 Confuse                  Hex            #.......     100%        3    ####...
 Conjure Flame            Conj/Fire      #.......     100%        3    ####...
 Dazzling Spray           Conj/Hex       #.....       100%        3    ####...
 Gell's Gravitas          Tloc           #.........   100%        3    ####...
 Ignite Poison            Fire/Tmut/Pois #.......     100%        3    ####...
 Inner Flame              Hex/Fire       #.......     100%        3    ####...
 Mephitic Cloud           Conj/Pois/Air  #.......     100%        3    ####...
 Regeneration             Chrm/Necr      #.........   100%        3    ####...
 Spectral Weapon          Hex/Chrm       #.......     100%        3    ####...
 Spider Form              Tmut/Pois      #.........   100%        3    ####...
 Summon Guardian Golem    Hex/Summ       #.......     100%        3    ####...
 Tukima's Dance           Hex            #.......     100%        3    ####...
 Cause Fear               Hex            #.........   100%        4    #####..
 Ice Form                 Ice/Tmut       #.......     100%        4    #####..
 Leda's Liquefaction      Hex/Erth       #.........   100%        4    #####..
 Olgreb's Toxic Radiance  Pois           #.......     100%        4    #####..
 Petrify                  Tmut/Erth      #.......     100%        4    #####..
 Sticky Flame             Conj/Fire      #.......     100%        4    #####..
 Blade Hands              Tmut           #.........   100%        5    ######.
 Fireball                 Conj/Fire      #.........   100%        5    ######.
 Metabolic Englaciation   Hex/Ice        #.........   100%        5    ######.
 Silence                  Hex/Air        #.........   100%        5    ######.
 Summon Mana Viper        Hex/Summ       #.......     100%        5    ######.
 Venom Bolt               Conj/Pois      #.........   100%        5    ######.
 Yara's Violent Unravell  Hex/Tmut       #.........   100%        5    ######.
 Bolt of Fire             Conj/Fire      #.........   100%        6    #######
 Conjure Ball Lightning   Conj/Air       #.........   100%        6    #######
 Deflect Missiles         Chrm/Air       #.........   100%        6    #######
 Freezing Cloud           Conj/Ice/Air   #.........   100%        6    #######
 Ring of Flames           Chrm/Fire      #.........   100%        7    #######
 Discord                  Hex            #.........   100%        8    #######
 Ignition                 Fire           #.........   100%        8    #######


Dungeon Overview and Level Annotations

Branches:
Dungeon (15/15)            Temple (1/1) D:5            Lair (6/6) D:11
  Swamp (4/4) Lair:4        Snake (4/4) Lair:3        Slime (0/5) Lair:6
    Orc (2/2) D:10            Elf (3/3) Orc:2        Vaults (0/5) D:14
 Depths (0/5) D:15         Bailey (visited)

Altars:
Ashenzari
Cheibriados
Dithmenos
Elyvilon
Fedhas
Gozag
Hepliaklqana
Kikubaaqudgha
Makhleb
Nemelex Xobeh
Okawaru
Qazlal
Ru
Sif Muna
Trog
Uskayaw
Vehumet
Wu Jian
Xom
Yredelemnul
Zin
The Shining One
Beogh

Shops:
D:10 [[   D:11 ([[   Orc:1 =   Orc:2 ?**   Lair:1 ([[[!(   Snake:3 }
Snake:4 **

Portals:
Trove: D:10 (give 11 potions of heal wounds)

Annotations:
Elf:2 3 runed translucent doors
Elf:3 3 runed translucent doors, Artagas's ghost, adept MiCK
Abyss:2 1 transporter


Innate Abilities, Weirdness & Mutations

You reflexively headbutt those who attack you in melee.
You have a pair of horns on your head.
Your body sometimes deteriorates upon taking damage.


Message History

You now have 1641 gold pieces (gained 22).
You now have 1649 gold pieces (gained 8).
The blizzard demon shouts!
The blizzard demon is too close now for your liking.
You see here 6 gold pieces.
You block the blizzard demon's attack. x2
You are starving!
You slash the blizzard demon! You headbutt the blizzard demon!!
The blizzard demon is heavily wounded.
The blizzard demon gestures at you. The freezing blast engulfs you!
* * * LOW HITPOINT WARNING * * *
You hit the blizzard demon but do no damage.
You headbutt the blizzard demon.
The blizzard demon is heavily wounded.
The blizzard demon is engulfed in freezing vapours.
The blizzard demon gestures at you. The bolt of cold hits you!!
You die...
Your body crumbles into a pile of gold.

.. # #.# . #.
..##.# .# ...#.# #
## .# ..#.# #.
.#.... .. .# ##2#.#
. #.##.# #☼@☼# # .
.#..#.###○☼☼## .#
........☼○○..#.
##...##...####..#..
##.#..## #.#.# . #
###..##.### . .
#... . #...# # .
#.#.#..#.. . # #.
..#...#. ..


You could see a blizzard demon.

Vanquished Creatures
  Vashnia (Snake:3)
  the Lernaean hydra (Swamp:4)
  2 tentacled starspawn (Abyss:2)
  A sphinx (Elf:1)
  Donald (Swamp:4)
  7 nagarajas (Snake:4)
  Agnes (D:14)
  Roxanne (Swamp:1)
  The ghost of SirMumm the Devastator, an adept GrWz of Okawaru (Snake:4)
  3 orc warlords
  3 deep elf sorcerers
  Louise (Swamp:4)
  3 deep elf elementalists (Elf:3)
  A stone giant (Orc:1)
  A deep elf demonologist (Elf:3)
  3 deep elf annihilators
  Snorg (Lair:3)
  A blizzard demon (Abyss:2)
  2 deep elf death magi (Elf:3)
  An eidolon (Elf:1)
  2 deep elf high priests (Elf:3)
  A great orb of eyes (Elf:1)
  A fire dragon (Lair:6)
  A yaktaur captain (D:15)
  5 vault guards (D:14)
  5 naga warriors
  20 hydras
  2 ghost crabs (Swamp:4)
  7 anacondas
  An ice dragon (Lair:6)
  Erica (D:9)
  A shambling mangrove (Swamp:3)
  6 two-headed ogres
  A catoblepas (Lair:4)
  3 death yaks
  4 orc high priests (Orc:2)
  A centaur warrior (D:14)
  A tengu warrior (D:15)
  8 shock serpents
  13 alligators
  5 naga sharpshooters
  Urug (Lair:3)
  Sonja (Lair:1)
  10 deep elf knights
  5 salamander mystics
  3 unseen horrors
  3 skeletal warriors (D:15)
  12 swamp dragons
  An obsidian statue (Snake:4)
  2 naga ritualists (Snake:4)
  6 deep elf archers
  3 orc knights (Orc:2)
  2 wizards (D:14)
  A lindwurm (Lair:6)
  An orb spider (shapeshifter) (Elf:1)
  8 mana vipers
  A cyclops (D:12)
  12 ugly things
  9 salamanders
  4 orc sorcerers (Orc:2)
  2 worldbinders (Abyss:2)
  A salamander (shapeshifter) (Elf:3)
  44 deep elf magi
  5 elephants (Lair:6)
  A manticore (D:11)
  A centaur zombie (D:13)
  Maurice (D:12)
  5 guardian serpents (Snake:4)
  11 spiny frogs
  27 black mambas
  7 torpor snails
  A smoke demon (Abyss:2)
  2 large abominations (Abyss:2)
  11 naga magi
  3 gargoyles
  A freezing wraith (D:14)
  2 efreet (D:14)
  2 yaktaurs
  8 komodo dragons
  4 rime drakes
  7 trolls
  A tengu conjurer (D:15)
  An ancient zyme (Abyss:2)
  13 hornets
  13 tyrant leeches
  The ghost of Foonlieted the Slasher, an amateur MiGl (D:15)
  6 slime creatures
  20 blink frogs
  4 raiju (Abyss:2)
  6 dream sheep (Lair:5)
  12 hippogriffs
  Sigmund (D:3)
  3 bog bodies
  3 spriggans
  3 air elementals
  A tarantella (shapeshifter) (D:15)
  3 wyverns
  3 water elementals
  3 shadows
  3 wraiths
  4 small abominations (Abyss:2)
  58 yaks
  2 golden eyes (Elf:1)
  3 basilisks
  5 fire elementals
  3 steam dragons (Lair:6)
  26 vampire mosquitoes
  59 nagas
  5 wargs
  14 insubstantial wisps
  15 swamp worms
  A soldier ant (D:10)
  23 water moccasins
  3 acid dragons
  9 porcupines
  Duvessa (D:6)
  42 orc warriors
  10 swamp drakes
  6 sky beasts
  3 ice beasts
  4 phantoms
  4 black bears
  22 ogres
  2 necrophages
  5 wolves (Lair:3)
  8 centaurs
  11 crocodiles
  5 big kobolds
  An earth elemental (Elf:2)
  2 gnoll sergeants
  12 bullfrogs
  Dowan (D:6)
  2 wyvern zombies (D:14)
  5 scorpions
  13 wights
  3 killer bees
  10 electric eels
  2 howler monkeys
  15 crimson imps
  29 orc priests
  A starcursed mass (Abyss:2)
  2 quasits (D:11)
  2 bullfrog zombies
  8 jellies
  7 hounds
  2 centaur skeletons
  3 bullfrog skeletons
  Jessica (D:2)
  8 iguanas
  23 orc wizards
  13 worker ants
  Robin (D:3)
  11 gnolls
  A howler monkey skeleton (D:11)
  16 adders
  4 shadow imps
  An ooze (D:6)
  3 adder skeletons
  3 worms
  A dart slug (D:3)
  5 leopard geckos
  124 orcs
  7 giant cockroaches
  25 goblins
  14 hobgoblins
  13 jackals
  6 quokkas
  6 ball pythons
  4 bats
  3 frilled lizards (D:2)
  34 kobolds
  A leopard gecko skeleton (D:4)
  7 rats
  3 bushes (D:15)
  2 fungi (Lair:1)
  A plant (Lair:1)
  A starspawn tentacle (Abyss:2)
1271 creatures vanquished.

Vanquished Creatures (others)
  A centaur warrior (D:15)
  12 dancing weapons
  4 naga sharpshooters
  5 deep elf archers
  3 deep elf magi
  An ugly thing (D:14)
  2 swamp drakes (Swamp:4)
  A centaur (D:11)
  10 kobolds
  14 fungi
  27 plants
  10 starspawn tentacles (Abyss:2)
90 creatures vanquished.

Grand Total: 1361 creatures vanquished

Notes
Turn   | Place    | Note
-------+----------+-------------------------------------------
     0 | D:1      | Peloso the Minotaur Fighter began the quest for the Orb.
     0 | D:1      | Reached XP level 1. HP: 19/19 MP: 0/0
   319 | D:1      | Reached XP level 2. HP: 24/27 MP: 1/1
   579 | D:2      | Reached skill level 4 in Shields
   594 | D:2      | Reached XP level 3. HP: 24/33 MP: 2/2
   613 | D:2      | Noticed Jessica
   617 | D:2      | Killed Jessica
   617 | D:2      | Reached XP level 4. HP: 17/41 MP: 3/3
  1329 | D:3      | Noticed an ogre
  1336 | D:3      | Killed an ogre
  1336 | D:3      | Reached skill level 5 in Shields
  1336 | D:3      | Reached XP level 5. HP: 15/47 MP: 4/4
  1384 | D:3      | Noticed Sigmund
  1388 | D:3      | Reached skill level 1 in Dodging
  1585 | D:3      | Killed Sigmund
  1585 | D:3      | Reached skill level 5 in Armour
  1585 | D:3      | Reached XP level 6. HP: 40/55 MP: 5/5
  1674 | D:3      | Noticed Robin
  1738 | D:3      | Killed Robin
  1853 | D:3      | Reached skill level 5 in Long Blades
  1856 | D:3      | Found an iron altar of Okawaru.
  1964 | D:3      | Found a hazy altar of Hepliaklqana.
  2175 | D:4      | Reached skill level 5 in Fighting
  2301 | D:4      | Got a bronze ring mail
  2312 | D:4      | Identified the cursed +0 ring mail of Jojups {rN+ Slay+2}
                  | (You found it on level 4 of the Dungeon)
  2413 | D:4      | Reached XP level 7. HP: 35/61 MP: 6/6
  2791 | D:5      | Entered Level 5 of the Dungeon
  2936 | D:5      | Found a staircase to the Ecumenical Temple.
  2942 | Temple   | Entered the Ecumenical Temple
  3008 | Temple   | Became a worshipper of Gozag Ym Sagoz the Greedy
  3070 | D:5      | Found a glowing silver altar of Zin.
  3070 | D:5      | Noticed an angel
  3220 | D:5      | Reached XP level 8. HP: 69/69 MP: 7/7
  3448 | D:5      | Reached skill level 6 in Shields
  4037 | D:6      | Noticed Duvessa
  4037 | D:6      | Noticed Dowan
  4054 | D:6      | Killed Duvessa
  4058 | D:6      | Killed Dowan
  4244 | D:6      | Found an ornate altar of the Wu Jian Council.
  4246 | D:6      | Found a sacrificial altar of Ru.
  4246 | D:6      | Found a hide-covered altar of Uskayaw.
  4248 | D:6      | Found a hazy altar of Hepliaklqana.
  4248 | D:6      | Found a sparkling altar of Nemelex Xobeh.
  4248 | D:6      | Found a shimmering altar of Xom.
  4510 | D:7      | Reached XP level 9. HP: 76/78 MP: 8/8
  4563 | D:7      | Found a shattered altar of Ashenzari.
  4575 | D:7      | Reached skill level 1 in Stealth
  5271 | D:8      | Reached skill level 7 in Shields
  5624 | D:8      | Reached skill level 10 in Long Blades
  6300 | D:9      | Reached skill level 8 in Shields
  6416 | D:9      | Reached XP level 10. HP: 88/88 MP: 9/9
  6420 | D:9      | Noticed Erica
  6468 | D:9      | Killed Erica
  7081 | D:9      | Reached skill level 5 in Dodging
  7088 | D:9      | Reached skill level 9 in Shields
  7187 | D:10     | Entered Level 10 of the Dungeon
  7247 | D:10     | Found a flagged portal.
  7289 | Bailey   | Entered a bailey
  7300 | Bailey   | Noticed an orc warlord
  7433 | Bailey   | Found a runed translucent gate.
  7433 | Bailey   | Found a runed translucent gate.
  7450 | Bailey   | Found a runed translucent gate.
  7618 | Bailey   | Killed an orc warlord
  7618 | Bailey   | Reached XP level 11. HP: 32/95 MP: 10/10
  8019 | D:10     | Found a portal to a secret trove of treasure.
  8020 | D:10     | Reached skill level 10 in Shields
  8165 | D:10     | Found a staircase to the Orcish Mines.
  8621 | D:10     | Bought the +2 pair of boots "Ashuush" {rF+ Str+4} for 479
                  | gold pieces
  8621 | D:10     | Bought a +0 shield of fire resistance for 149 gold pieces
  8669 | D:11     | Noticed a two-headed ogre
  8672 | D:11     | Killed a two-headed ogre
  8718 | D:11     | Found Duagiklo's Armour Boutique.
  8791 | D:11     | Found Ughirape's Antique Armour Shop.
  9027 | D:11     | Killed an unseen horror
  9461 | D:11     | Reached skill level 11 in Shields
  9466 | D:11     | Found Egaokoth's Antique Weapon Shop.
  9893 | D:11     | Found a staircase to the Lair.
  9976 | Lair:1   | Entered Level 1 of the Lair of Beasts
  9981 | Lair:1   | Noticed Sonja
  9984 | Lair:1   | Killed Sonja
  9990 | Lair:1   | Reached XP level 12. HP: 95/105 MP: 11/11
 10048 | Lair:1   | Reached skill level 10 in Fighting
 10171 | Lair:1   | Reached skill level 1 in Evocations
 10517 | Lair:1   | Reached skill level 12 in Shields
 11089 | Lair:2   | Reached skill level 10 in Armour
 11874 | Lair:3   | Found a staircase to the Snake Pit.
 11899 | Lair:3   | Reached skill level 15 in Long Blades
 12160 | Lair:3   | Noticed Snorg
 12174 | Lair:3   | Killed Snorg
 12174 | Lair:3   | Reached skill level 13 in Shields
 12275 | Lair:3   | Noticed Urug
 12285 | Lair:3   | Killed Urug
 12407 | Lair:4   | Found a shimmering altar of Xom.
 12445 | Lair:4   | Noticed a death yak
 12460 | Lair:4   | Killed a death yak
 12460 | Lair:4   | Reached XP level 13. HP: 89/114 MP: 13/13
 12789 | Lair:4   | Found a staircase to the Swamp.
 13711 | D:12     | Identified 2 scrolls of acquirement
 13986 | D:12     | Noticed Maurice
 14008 | D:12     | Killed Maurice
 14599 | D:13     | Found a radiant altar of Vehumet.
 14719 | D:13     | Reached skill level 14 in Shields
 15988 | Lair:6   | Entered Level 6 of the Lair of Beasts
 16546 | Lair:6   | Noticed a fire dragon
 16564 | Lair:6   | Killed a fire dragon
 16564 | Lair:6   | Reached XP level 14. HP: 94/124 MP: 14/14
 17231 | Lair:6   | Found a runed translucent door.
 17325 | Lair:6   | Reached skill level 15 in Shields
 17594 | Lair:6   | Found a staircase to the Slime Pits.
 18663 | Orc:1    | Entered Level 1 of the Orcish Mines
 18674 | Orc:1    | Noticed a stone giant
 18692 | Orc:1    | Killed a stone giant
 18945 | Orc:2    | Entered Level 2 of the Orcish Mines
 19058 | Orc:1    | Noticed an orc warlord
 19084 | Orc:2    | Killed an orc warlord
 19989 | Orc:2    | Found a roughly hewn altar of Beogh.
 20026 | Orc:2    | Reached skill level 16 in Shields
 20112 | Orc:2    | Found Zonty's Magic Scroll Emporium.
 20120 | Orc:2    | Bought a scroll of acquirement for 728 gold pieces
 20126 | Orc:2    | Found Eptote's General Store.
 20424 | Orc:2    | Noticed an orc warlord
 20445 | Orc:2    | Killed an orc warlord
 20808 | Orc:2    | Found a roughly hewn altar of Beogh.
 20929 | Orc:2    | Found Miso's Assorted Antiques.
 21016 | Orc:2    | Reached XP level 15. HP: 129/135 MP: 15/15
 21052 | Orc:2    | Found Ymeuck's General Store.
 22084 | Orc:2    | Found a staircase to the Elven Halls.
 22289 | Orc:2    | Bought a scroll of identify for 28 gold pieces
 22359 | Orc:1    | Found Iwoguyfet's Jewellery Shoppe.
 22513 | Orc:1    | Found a roughly hewn altar of Beogh.
 22691 | Lair:1   | Bought a potion of might for 56 gold pieces
 22691 | Lair:1   | Bought a potion of might for 56 gold pieces
 22691 | Lair:1   | Bought a potion of heal wounds for 70 gold pieces
 22691 | Lair:1   | Bought a potion of might for 56 gold pieces
 22691 | Lair:1   | Bought a potion of heal wounds for 70 gold pieces
 23542 | D:14     | Noticed Agnes
 23557 | D:14     | Killed Agnes
 24047 | D:14     | Reached skill level 17 in Shields
 24220 | D:14     | Found a gate to the Vaults.
 24283 | D:15     | Entered Level 15 of the Dungeon
 24318 | D:15     | Found a flickering gateway to a bazaar.
 24345 | Bazaar   | Entered a bazaar
 24345 | Bazaar   | Found Nehyanla's Assorted Antiques.
 24350 | Bazaar   | Found Raudablo's Book Shoppe.
 24367 | Bazaar   | Found Yhoarad's Antique Weapon Shoppe.
 24380 | Bazaar   | Found Nuggag's Food Emporium.
 24383 | Bazaar   | Bought a ration for 40 gold pieces
 24383 | Bazaar   | Bought a ration for 40 gold pieces
 24383 | Bazaar   | Bought a ration for 40 gold pieces
 24383 | Bazaar   | Bought a ration for 40 gold pieces
 24383 | Bazaar   | Bought a ration for 40 gold pieces
 24383 | Bazaar   | Bought a ration for 40 gold pieces
 24383 | Bazaar   | Bought a ration for 40 gold pieces
 24383 | Bazaar   | Bought a ration for 40 gold pieces
 24383 | Bazaar   | Bought a ration for 40 gold pieces
 24383 | Bazaar   | Bought a ration for 40 gold pieces
 24383 | Bazaar   | Bought a ration for 40 gold pieces
 24383 | Bazaar   | Bought a ration for 40 gold pieces
 24383 | Bazaar   | Bought a ration for 40 gold pieces
 24413 | Bazaar   | Bought a scroll labeled LOPSAY YGUNIBB for 27 gold pieces
 24413 | Bazaar   | Bought a potion of heal wounds for 135 gold pieces
 24463 | D:15     | Found a blossoming altar of Fedhas.
 24697 | D:15     | Found a runed translucent gate.
 24699 | D:15     | Found a runed translucent gate.
 24700 | D:15     | Found a runed translucent gate.
 24700 | D:15     | Noticed Foonlieted's ghost (amateur MiGl)
 24747 | D:15     | Killed Foonlieted's ghost
 24760 | D:15     | Got a twisted falchion
 24761 | D:15     | Identified the +9 falchion "Vompi" {freeze, rPois MR+} (You
                  | found it on level 15 of the Dungeon)
 24948 | D:15     | Found a staircase to the Depths.
 25452 | D:15     | Got an encrusted falchion
 25453 | D:15     | Identified the +1 falchion "Ajanteang" {antimagic, rF+ rN+
                  | MR+} (You found it on level 15 of the Dungeon)
 25642 | Elf:1    | Entered Level 1 of the Elven Halls
 26226 | Elf:1    | Reached skill level 18 in Shields
 26447 | Elf:1    | Reached XP level 16. HP: 69/146 MP: 16/16
 26806 | Elf:1    | Identified the Volume of a Thousand Coins
 27024 | Elf:1    | Noticed a sphinx
 27094 | Elf:1    | Killed a sphinx
 27132 | Elf:1    | Identified the Tome of the Oath
 27646 | Swamp:1  | Entered Level 1 of the Swamp
 27931 | Swamp:1  | Noticed Roxanne
 27961 | Swamp:1  | Killed Roxanne
 28123 | Swamp:1  | Reached skill level 19 in Shields
 28800 | Swamp:2  | Reached skill level 5 in Stealth
 29327 | Swamp:2  | Reached skill level 15 in Fighting
 29956 | Swamp:3  | Found a shattered altar of Ashenzari.
 30671 | Lair:1   | Bought the +5 long sword "Fekirhofeu" {flame, Str+4} for
                  | 513 gold pieces
 30950 | Swamp:4  | Entered Level 4 of the Swamp
 31003 | Swamp:4  | Noticed Louise
 31281 | Swamp:4  | Killed Louise
 31504 | Swamp:4  | Reached XP level 17. HP: 129/156 MP: 17/17
 31653 | Swamp:4  | Reached skill level 20 in Shields
 31654 | Swamp:4  | Noticed the 27-headed Lernaean hydra
 31837 | Swamp:4  | Killed the 24-headed Lernaean hydra
 32218 | Swamp:4  | Got a decaying rune of Zot
 32358 | Swamp:4  | Noticed Donald
 32375 | Swamp:4  | Killed Donald
 32375 | Swamp:4  | Reached skill level 15 in Armour
 32798 | Snake:1  | Entered Level 1 of the Snake Pit
 34211 | Snake:2  | Got a polished plate armour
 34222 | Snake:2  | Identified the cursed +0 plate armour "Qusifi" {rElec
                  | Dex+4} (You found it on level 2 of the Snake Pit)
 34571 | Snake:3  | Found Takhuoth's Gadget Emporium.
 34635 | Snake:3  | Reached skill level 21 in Shields
 34652 | Snake:3  | Bought a wand of digging (5) for 306 gold pieces
 35199 | Snake:4  | Entered Level 4 of the Snake Pit
 35375 | Snake:4  | Found a runed translucent gate.
 35375 | Snake:4  | Found a runed translucent gate.
 35375 | Snake:4  | Found an opulent altar of Gozag.
 35376 | Snake:4  | Found a runed translucent gate.
 35378 | Snake:4  | Found Kuscheur's Assorted Antiques.
 35379 | Snake:4  | Noticed SirMumm's ghost (adept GrWz)
 35380 | Snake:4  | Found Amac's Assorted Antiques.
 35416 | Snake:4  | Killed SirMumm's ghost
 35961 | Snake:4  | Noticed Vashnia
 35993 | Snake:4  | Reached XP level 18. HP: 124/166 MP: 18/18
 36063 | Snake:3  | Killed Vashnia
 36515 | Snake:4  | Reached skill level 22 in Shields
 37343 | Snake:4  | Got a serpentine rune of Zot
 38421 | Elf:3    | Entered Level 3 of the Elven Halls
 38531 | Elf:3    | Found a runed translucent gate.
 38531 | Elf:3    | Found a runed translucent gate.
 38533 | Elf:3    | Found a runed translucent gate.
 38536 | Elf:3    | Noticed Artagas's ghost (adept MiCK)
 38537 | Elf:3    | Found an iron altar of Okawaru.
 38700 | Elf:3    | Found a shimmering blue altar of Sif Muna.
 39138 | Elf:2    | Found a runed translucent gate.
 39138 | Elf:2    | Found a runed translucent gate.
 39138 | Elf:2    | Found a runed translucent gate.
 39318 | Elf:3    | Noticed a Tzitzimitl
 39706 | Elf:3    | Reached skill level 23 in Shields
 40647 | Elf:3    | Gained mutation: Your body sometimes deteriorates upon
                  | taking damage. [a neqoxec]
 40655 | Elf:3    | Cast into level 2 of the Abyss (a deep elf demonologist)
 40655 | Abyss:2  | Found a corrupted altar of Lugonu.
 40655 | Abyss:2  | Found a transporter.
 40655 | Abyss:2  | Found a transporter.
 40656 | Abyss:2  | Noticed a tentacled monstrosity
 40666 | Abyss:2  | Paralysed by accursed screaming for 1 turns
 40791 | Abyss:2  | Reached XP level 19. HP: 26/174 MP: 19/19
 40888 | Abyss:2  | Killed from afar by a blizzard demon

Levels and vault maps discovered:
D:1:      psy_arrival_statuary, layout_basic
D:2:      layout_basic, first_ration, minmay_fractal_squares_5, uniq_jessica
D:3:      layout_rooms, okawaru_trees_2, lemuel_crystal_altar, uniq_sigmund,
          uniq_robin
D:4:      layout_loops_ring
D:5:      layout_basic, zin_angel, minmay_temple_entry_enclosed_plants,
          minivault_11
D:6:      layout_loops_ring, doesnt_xom_only_xom, minivault_5,
          item_on_display_a, uniq_duvessa
D:7:      layout_gridville, ashenzari_altar_1
D:8:      layout_rooms
D:9:      layout_roguey, uniq_erica
D:10:     layout_cave_pools, erik_orc_3, enter_bailey_3, enter_trove_1
D:11:     layout_basic, lair_entry_dummy, serial_shops, shop, shop, shop,
          grunt_ogre_cave, minmay_pinched_square
D:12:     layout_roguey, uniq_maurice
D:13:     layout_cave_pools, basic_altar
D:14:     layout_basic, grunt_vaults_entry_fortified, minmay_parallelograms,
          minmay_misc_feat_plants, uniq_agnes
D:15:     grunt_enter_depths_snipers, layout_cave_pools, serial_shops,
          bzr_in_the_mist, ebering_ghost_rock_garden,
          hangedman_decor_clover_reticule, fedhas_bush_and_centaur_altar
Temple:   hc_temple_tempest_star
Lair:1:   layout_loops_ring, uniq_sonja
Lair:2:   layout_roguey, lemuel_fruit_tree, grunt_megastairs_1
Lair:3:   layout_cave_shapes, minmay_snake_entry_six_corridors, uniq_urug,
          uniq_snorg
Lair:4:   layout_regular_city, minmay_swamp_entry_swarm, basic_altar,
          serial_bayou_lagoon_a, nicolae_lair_yak_garden
Lair:5:   layout_gridlike, small_statue_intersection, st_stairs_3,
          infiniplex_staircase_pool, grunt_megastairs_4
Lair:6:   guppyfry_lair_end_dragon, layout_small_grid, wormcave,
          minmay_slime_entry_pillars
Swamp:1:  layout_falls_marsh, evilmike_swamp_ruin_wall, swamp_pool1,
          uniq_roxanne
Swamp:2:  layout_falls_marsh, hangedman_swamp_lotus, swamp_pool1,
          st_swamp_ruins_3
Swamp:3:  layout_basic_swamp, lemuel_altar_in_water
Swamp:4:  swamp_old_school, layout_basic_swamp, swamp_pool4, uniq_donald,
          uniq_louise
Snake:1:  layout_chambers, serial_bayou_pond_c, hangedman_corner_corridor
Snake:2:  layout_rooms
Snake:3:  layout_misc_corridors, serial_shops, shop, serial_bayou_shore_a
Snake:4:  johnstein_snake_rune_scales, layout_cave_town, ebering_ghost_gozag
Orc:1:    layout_caves, serial_shops, shop_coins, nicolae_orc_lost_temple
Orc:2:    pubby_orc_utopia
Elf:1:    minmay_elf_arrival_plus, layout_loops_cross, minmay_elf_annihilation,
          hangedman_research_probablistics
Elf:2:    layout_loops_cross
Elf:3:    minmay_elf_hall_curves, layout_geoelf_octagon, basic_altar,
          gammafunk_ghost_fury_of_okawaru
Abyss:2:  gammafunk_corrupted_shrine

Skill      XL: |  1  2  3  4  5  6  7  8  9 10 11 12 13 14 15 16 17 18 19 |
---------------+----------------------------------------------------------+-----
Fighting       | 4 5 6 7 8 9 10 11 13 14 15 16 | 16.7
Armour         | 4 5 6 7 8 9 10 12 13 14 15 16 | 16.0
Shields        | 4 5 6 8 9 11 13 14 16 18 19 21 23 | 23.3
Long Blades    | 3 4 5 7 9 11 12 14 15 16 17 18 19 | 19.1
Dodging        | 1 2 3 4 5 6 7 8 9 |  9.6
Stealth        | 1 2 3 4 5 |  5.7
Evocations     | 1 |  1.7
Unarmed Combat | |  0.4

Action                   |  1- 3 |  4- 6 |  7- 9 | 10-12 | 13-15 | 16-18 | 19-21 || total
-------------------------+-------+-------+-------+-------+-------+-------+-------++-------
Melee: Long sword        |    46 |   151 |   277 |    16 |       |   141 |       ||   631
       Headbutt          |     7 |    28 |    59 |   154 |   452 |   575 |    20 ||  1295
       Unarmed           |       |    15 |       |       |       |       |       ||    15
       Scimitar          |       |       |       |   541 |  1432 |   130 |       ||  2103
       Falchion          |       |       |       |       |   132 |  1470 |    33 ||  1635
Invok: Call Merchant     |       |       |       |     1 |     5 |     2 |       ||     8
Evoke: Wand              |       |       |       |     9 |       |     5 |       ||    14
  Use: Potion            |       |     1 |     1 |     3 |     3 |     1 |       ||     9
       Scroll            |       |       |    10 |    14 |    14 |     9 |       ||    47
 Stab: Distracted        |       |       |     2 |     3 |    13 |    11 |     1 ||    30
       Sleeping          |       |       |       |     1 |       |     1 |       ||     2
       Confused          |       |       |       |       |       |     1 |       ||     1
  Eat: Chunk             |       |     4 |     3 |       |       |       |       ||     7
       Ration            |       |       |     3 |     6 |    13 |    14 |       ||    36
Armor: Scale mail        |    23 |    56 |       |       |       |       |       ||    79
       Skin              |       |     2 |       |       |       |       |       ||     2
       Ring mail         |       |     4 |    47 |    19 |       |       |       ||    70
       Chain mail        |       |       |       |   119 |   369 |   231 |       ||   719
       Plate armour      |       |       |       |       |       |   129 |     3 ||   132
Dodge: Dodged            |    21 |    49 |    80 |   199 |   355 |   393 |     6 ||  1103
Block: Shield            |    29 |   102 |   139 |   433 |   709 |       |       ||  1412
       Reflection        |       |       |     2 |    89 |    45 |   211 |       ||   347
       Large shield      |       |       |       |       |   366 |  1958 |    26 ||  2350
       Rpst.: Long sword |     4 |    16 |    23 |     2 |       |     8 |       ||    53
       Scimitar          |       |       |       |    43 |    65 |     3 |       ||   111
       Falchion          |       |       |       |       |     6 |    37 |     2 ||    45

Table legend:
 A = Non-vault XP
 B = Vault XP
 C = Vault XP percentage of total XP
 D = Non-vault monster count
 E = Vault monster count
 F = Vault count percentage of total count
                 A         B        C        D         E       F
            +---------+---------+-------+---------+---------+-------
      Total |  221105 |  160259 |  42.0 |     846 |     449 |  34.7
            +---------+---------+-------+---------+---------+-------
        D:1 |      28 |       0 |   0.0 |      16 |       0 |   0.0
        D:2 |      61 |      65 |  51.6 |      22 |      10 |  31.2
        D:3 |     170 |     264 |  60.8 |      18 |      12 |  40.0
        D:4 |     475 |       0 |   0.0 |      19 |       0 |   0.0
        D:5 |     640 |       0 |   0.0 |      18 |       0 |   0.0
        D:6 |     841 |     223 |  21.0 |      21 |       2 |   8.7
        D:7 |     595 |       0 |   0.0 |      13 |       0 |   0.0
        D:8 |    1777 |       0 |   0.0 |      31 |       0 |   0.0
        D:9 |    3014 |     918 |  23.3 |      43 |       1 |   2.3
       D:10 |    1732 |     541 |  23.8 |      23 |      19 |  45.2
       D:11 |    3838 |    3486 |  47.6 |      27 |      16 |  37.2
       D:12 |    4190 |     485 |  10.4 |      33 |       1 |   2.9
       D:13 |    4562 |       0 |   0.0 |      26 |       0 |   0.0
       D:14 |   11981 |   10175 |  45.9 |      48 |      11 |  18.6
       D:15 |    7857 |    2737 |  25.8 |      20 |       5 |  20.0
     Lair:1 |    5434 |     814 |  13.0 |      22 |       1 |   4.3
     Lair:2 |    4019 |     644 |  13.8 |      20 |       4 |  16.7
     Lair:3 |    2398 |    3115 |  56.5 |      13 |      16 |  55.2
     Lair:4 |    4710 |    3077 |  39.5 |      24 |       9 |  27.3
     Lair:5 |    3779 |     177 |   4.5 |      17 |       2 |  10.5
     Lair:6 |   13220 |   10369 |  44.0 |      44 |      31 |  41.3
    Swamp:1 |    6542 |    2029 |  23.7 |      15 |       1 |   6.2
    Swamp:2 |    9768 |    2305 |  19.1 |      31 |       3 |   8.8
    Swamp:3 |   10453 |       0 |   0.0 |      30 |       0 |   0.0
    Swamp:4 |   12809 |   22107 |  63.3 |      26 |      24 |  48.0
    Snake:1 |   17372 |       0 |   0.0 |      37 |       0 |   0.0
    Snake:2 |    2220 |       0 |   0.0 |       3 |       0 |   0.0
    Snake:3 |    9494 |    7514 |  44.2 |      23 |       6 |  20.7
    Snake:4 |   14345 |   37930 |  72.6 |      27 |      69 |  71.9
      Orc:1 |    3472 |       0 |   0.0 |      34 |       0 |   0.0
      Orc:2 |    3367 |   19604 |  85.3 |       9 |     148 |  94.3
      Elf:1 |   19378 |   12986 |  40.1 |      30 |      18 |  37.5
      Elf:2 |   11073 |    1799 |  14.0 |      19 |       2 |   9.5
      Elf:3 |   18418 |   12123 |  39.7 |      28 |       9 |  24.3
    Abyss:2 |    7073 |    2628 |  27.1 |      16 |       2 |  11.1
     Bailey |       0 |    2144 | 100.0 |       0 |      27 | 100.0
            +---------+---------+-------+---------+---------+-------
